| TOP OF THE 1ST |
|
Boise Hawks batting - Pitching for Cincinnati (NYP) Reds : LHP Omar Guardado
|
|
Pitching: LHP Omar Guardado
|
|
|
Batting: LHB Steve Gilliam
|
0-0: Called Strike 0-1: Ball 1-1: Ball 2-1: Swinging Strike 2-2: Strikes out swinging
|
|
Batting: LHB Eddie Gonzalez
|
0-0: TRIPLE (Line Drive, 89XD, EV 105.0 MPH)
|
|
Batting: LHB Chris Salim
|
0-0: Called Strike 0-1: Foul Ball, location: 2F 0-2: Strikes out swinging
|
|
Batting: RHB Tyler Stebbins
|
0-0: Ball Wild Pitch! Eddie Gonzalez scores 1-0: Ball 2-0: Called Strike 2-1: Ball 3-1: Ground out 6-3 (Groundball, 56, EV 80.6 MPH)
|
| Top of the 1st over - 1 run, 1 hit, 0 errors, 0 left on base; Boise 1 - Cincinnati (NYP) 0 |
| BOTTOM OF THE 1ST |
|
Cincinnati (NYP) Reds batting - Pitching for Boise Hawks : RHP Clay Redman
|
|
Pitching: RHP Clay Redman
|
|
|
Batting: RHB Tony Casas
|
0-0: Called Strike 0-1: Ball 1-1: Foul Ball, location: 2F 1-2: Foul Ball, location: 2F 1-2: Fly out, F9 (Flyball, 9D, EV 83.8 MPH)
|
|
Batting: RHB Tim Walter
|
0-0: Ball 1-0: Called Strike 1-1: Ball 2-1: Ball 3-1: Ground out 6-3 (Groundball, 56, EV 102.5 MPH)
|
|
Batting: RHB John Galluzzo
|
0-0: SINGLE (Groundball, 56D, EV 95.0 MPH)
|
|
Batting: RHB Pat McCoy
|
0-0: Called Strike 0-1: Ball 1-1: Ball 2-1: Ball 3-1: Foul Ball, location: 2F 3-2: Ground out 6-3 (Groundball, 6, EV 87.5 MPH)
|
| Bottom of the 1st over - 0 runs, 1 hit, 0 errors, 1 left on base; Boise 1 - Cincinnati (NYP) 0 |
| TOP OF THE 2ND |
|
Boise Hawks batting - Pitching for Cincinnati (NYP) Reds : LHP Omar Guardado
|
|
Batting: LHB Jeremy Brammer
|
0-0: Foul Ball, location: 2F 0-1: Foul Ball, location: 2F 0-2: Foul Ball, location: 2F 0-2: Ball 1-2: Ground out 5-3 (Groundball, 5S, EV 69.4 MPH)
|
|
Batting: LHB Mike Clark
|
0-0: Ball 1-0: Ball 2-0: Foul Ball, location: 2F 2-1: Ball 3-1: Ground out 4-3 (Groundball, 34D, EV 96.2 MPH)
|
|
Batting: LHB Eric Zacher
|
0-0: Called Strike 0-1: Foul Ball, location: 2F 0-2: Foul Ball, location: 2F 0-2: Strikes out swinging
|
| Top of the 2nd over - 0 runs, 0 hits, 0 errors, 0 left on base; Boise 1 - Cincinnati (NYP) 0 |
| BOTTOM OF THE 2ND |
|
Cincinnati (NYP) Reds batting - Pitching for Boise Hawks : RHP Clay Redman
|
|
Batting: SHB Alex Morales
|
0-0: Called Strike 0-1: SINGLE (Line Drive, 78M, EV 93.8 MPH)
|
|
Batting: RHB Jonathan Robies
|
0-0: Fly out, F9 (Line Drive, 9, EV 91.9 MPH)
|
|
Batting: RHB Eric Sullivan
|
0-0: Ball 1-0: Called Strike 1-1: Called Strike 1-2: Ball 2-2: Ball 3-2: SINGLE (Groundball, 34, EV 98.8 MPH) Alex Morales to second Runner from 2nd tries for 3rd, SAFE, throw by RF made to third
|
|
Batting: SHB Jaivata Mohanty
|
0-0: Called Strike Eric Sullivan steals 2nd base 0-1: Ball 1-1: Ball 2-1: Foul Ball, location: 2F 2-2: Fly out, F7 (Flyball, 78S, EV 92.5 MPH)
|
|
Batting: RHB Pat Mage
|
0-0: Ball 1-0: Ground out 5-3 (Groundball, 56, EV 99.4 MPH)
|
| Bottom of the 2nd over - 0 runs, 2 hits, 0 errors, 2 left on base; Boise 1 - Cincinnati (NYP) 0 |
| TOP OF THE 3RD |
|
Boise Hawks batting - Pitching for Cincinnati (NYP) Reds : LHP Omar Guardado
|
|
Batting: RHB Manny Thompson
|
0-0: Fly out, F9 (Flyball, 9D, EV 96.2 MPH)
|
|
Batting: RHB Matt Cone
|
0-0: Foul Ball, location: 2F 0-1: Ball 1-1: Ball 2-1: Foul Ball, location: 2F 2-2: Ball 3-2: Foul Ball, location: 2F 3-2: Reached on error, E3 (Groundball, 34S, EV 87.5 MPH)
|
|
Batting: LHB Steve Gilliam
|
0-0: Ball Balk! Matt Cone to second 1-0: Called Strike 1-1: Ball 2-1: Swinging Strike 2-2: Ball 3-2: Strikes out looking
|
|
Batting: LHB Eddie Gonzalez
|
0-0: Called Strike Matt Cone steals 3rd, throwing error, E2 Matt Cone scores 0-1: Ground out 6-3 (Groundball, 6MS, EV 80.6 MPH)
|
| Top of the 3rd over - 1 run, 0 hits, 2 errors, 0 left on base; Boise 2 - Cincinnati (NYP) 0 |
| BOTTOM OF THE 3RD |
|
Cincinnati (NYP) Reds batting - Pitching for Boise Hawks : RHP Clay Redman
|
|
Batting: RHB Tony Casas
|
0-0: Ball 1-0: Foul Ball, location: 2F 1-1: Ground out 5-3 (Groundball, 56, EV 76.9 MPH)
|
|
Batting: RHB Tim Walter
|
0-0: Ball 1-0: Ball 2-0: Called Strike 2-1: Ball 3-1: Ground out U3 (Groundball, 3S, EV 89.4 MPH)
|
|
Batting: RHB John Galluzzo
|
0-0: Ball 1-0: Ball 2-0: Ball 3-0: Called Strike 3-1: Called Strike 3-2: Base on Balls
|
|
Batting: RHB Pat McCoy
|
0-0: Called Strike 0-1: Ball 1-1: SINGLE (Groundball, 6MD, EV 99.4 MPH) John Galluzzo to second Runner from 2nd tries for 3rd, SAFE, throw by CF made to third
|
|
Batting: SHB Alex Morales
|
0-0: Ball 1-0: TRIPLE (Flyball, 89XD, EV 94.4 MPH) John Galluzzo scores Pat McCoy scores
|
|
Batting: RHB Jonathan Robies
|
0-0: SINGLE (Line Drive, 9S, EV 99.4 MPH) Alex Morales scores
|
|
Batting: RHB Eric Sullivan
|
0-0: Called Strike 0-1: Called Strike 0-2: Foul Ball, location: 2F 0-2: Fielders Choice at 2nd, 6-4 (Groundball, 6, EV 76.9 MPH)
|
| Bottom of the 3rd over - 3 runs, 3 hits, 0 errors, 1 left on base; Boise 2 - Cincinnati (NYP) 3 |
| TOP OF THE 4TH |
|
Boise Hawks batting - Pitching for Cincinnati (NYP) Reds : LHP Omar Guardado
|
|
Batting: LHB Chris Salim
|
0-0: Swinging Strike 0-1: Called Strike 0-2: Ball 1-2: Foul Ball, location: 2F 1-2: Foul Ball, location: 2F 1-2: Strikes out swinging
|
|
Batting: RHB Tyler Stebbins
|
0-0: Ball 1-0: Ground out 5-3 (Groundball, 56S, EV 86.2 MPH)
|
|
Batting: LHB Jeremy Brammer
|
0-0: Called Strike 0-1: Called Strike 0-2: Ground out 4-3 (Groundball, 4, EV 105.6 MPH)
|
| Top of the 4th over - 0 runs, 0 hits, 0 errors, 0 left on base; Boise 2 - Cincinnati (NYP) 3 |
| BOTTOM OF THE 4TH |
|
Cincinnati (NYP) Reds batting - Pitching for Boise Hawks : RHP Clay Redman
|
|
Batting: SHB Jaivata Mohanty
|
0-0: Called Strike 0-1: Ball 1-1: Ball 2-1: Swinging Strike 2-2: Fly out, F7 (Line Drive, 7, EV 96.9 MPH)
|
|
Batting: RHB Pat Mage
|
0-0: Called Strike 0-1: Ball 1-1: Ball 2-1: SINGLE (Groundball, 3S, EV 60.6 MPH) (infield hit)
|
|
Batting: RHB Tony Casas
|
0-0: Ball Pat Mage steals 2nd base 1-0: Swinging Strike 1-1: Fly out, F8 (Flyball, 8RXD, EV 103.1 MPH) Runner from 2nd tags up, SAFE at 3rd, no throw by CF
|
|
Batting: RHB Tim Walter
|
0-0: Ball 1-0: Called Strike 1-1: SINGLE (Groundball, 6D, EV 102.5 MPH) Pat Mage scores
|
|
Batting: RHB John Galluzzo
|
0-0: Ball 1-0: Ball 2-0: Ball 3-0: Called Strike 3-1: Fly out, F9 (Flyball, 9, EV 89.4 MPH)
|
| Bottom of the 4th over - 1 run, 2 hits, 0 errors, 1 left on base; Boise 2 - Cincinnati (NYP) 4 |
| TOP OF THE 5TH |
|
Boise Hawks batting - Pitching for Cincinnati (NYP) Reds : LHP Omar Guardado
|
|
Batting: LHB Mike Clark
|
0-0: Ball 1-0: Ball 2-0: Ball 3-0: Called Strike 3-1: Called Strike 3-2: Strikes out swinging
|
|
Batting: LHB Eric Zacher
|
0-0: Ball 1-0: Called Strike 1-1: Ball 2-1: DOUBLE (Line Drive, 7LM, EV 105.6 MPH)
|
|
Batting: RHB Manny Thompson
|
0-0: Called Strike Eric Zacher steals 3rd base 0-1: SINGLE (Groundball, 56D, EV 103.8 MPH) Eric Zacher scores
|
|
Batting: RHB Matt Cone
|
0-0: SINGLE (Groundball, 6D, EV 95.6 MPH) Manny Thompson to second
|
|
Batting: LHB Steve Gilliam
|
0-0: Ball 1-0: Foul Ball, location: 2F 1-1: Ball 2-1: Called Strike 2-2: Ball 3-2: Base on Balls Manny Thompson to third Matt Cone to second
|
|
Batting: LHB Eddie Gonzalez
|
0-0: Ball 1-0: Swinging Strike 1-1: Foul Ball, location: 2F 1-2: Fly out, F9 (Flyball, 9D, EV 101.9 MPH) Runner from 3rd tags up, SCORES, throw by RF Matt Cone to third
|
|
Batting: LHB Chris Salim
|
0-0: Ball 1-0: Ball 2-0: Called Strike 2-1: Foul Ball, location: 2F 2-2: SINGLE (Flyball, 6D, EV 88.8 MPH) Matt Cone scores Steve Gilliam to second
|
|
Pitching: RHP Brett Cooke
|
|
|
Batting: RHB Tyler Stebbins
|
0-0: Called Strike 0-1: 3-RUN HOME RUN (Line Drive, 7D, EV 104.4 MPH) (Inside the Park)
|
|
Batting: LHB Jeremy Brammer
|
0-0: Swinging Strike 0-1: Ball 1-1: Ball 2-1: Foul Ball, location: 2F 2-2: Ball 3-2: Strikes out swinging
|
| Top of the 5th over - 6 runs, 5 hits, 0 errors, 0 left on base; Boise 8 - Cincinnati (NYP) 4 |
| BOTTOM OF THE 5TH |
|
Cincinnati (NYP) Reds batting - Pitching for Boise Hawks : RHP Clay Redman
|
|
Batting: RHB Pat McCoy
|
0-0: Foul Ball, location: 2F 0-1: Called Strike 0-2: Strikes out looking
|
|
Pitching: RHP Zach Sommer
|
|
|
Batting: SHB Alex Morales
|
0-0: Called Strike 0-1: DOUBLE (Line Drive, 78D, EV 107.5 MPH)
|
|
Batting: RHB Jonathan Robies
|
0-0: Ball 1-0: Foul Ball, location: 2F 1-1: Reached on error, E3 (Groundball, 34, EV 101.9 MPH) Alex Morales scores
|
|
Batting: RHB Eric Sullivan
|
0-0: Foul Ball, location: 2F 0-1: Ball Wild Pitch! Jonathan Robies to third 1-1: Swinging Strike 1-2: Ball 2-2: Strikes out swinging
|
|
Batting: SHB Jaivata Mohanty
|
0-0: Ball 1-0: Foul Ball, location: 2F 1-1: Foul Ball, location: 2F 1-2: Ball 2-2: Foul Ball, location: 2F 2-2: Foul Ball, location: 2F 2-2: Ball 3-2: Base on Balls
|
|
Batting: RHB Pat Mage
|
0-0: Ball 1-0: Ball 2-0: Swinging Strike 2-1: Fly out, F7 (Flyball, 78S, EV 84.4 MPH)
|
| Bottom of the 5th over - 1 run, 1 hit, 1 error, 2 left on base; Boise 8 - Cincinnati (NYP) 5 |
| TOP OF THE 6TH |
|
Boise Hawks batting - Pitching for Cincinnati (NYP) Reds : RHP Brett Cooke
|
|
Batting: LHB Mike Clark
|
0-0: Called Strike 0-1: Foul Ball, location: 2F 0-2: Foul Ball, location: 2F 0-2: Strikes out swinging
|
|
Batting: LHB Eric Zacher
|
0-0: Ball 1-0: Swinging Strike 1-1: Ball 2-1: DOUBLE (Flyball, 78D, EV 93.8 MPH)
|
|
Batting: RHB Manny Thompson
|
0-0: Ball 1-0: Swinging Strike 1-1: Called Strike 1-2: Foul Ball, location: 2F 1-2: Strikes out swinging
|
|
Batting: RHB Matt Cone
|
0-0: Ground out 4-3 (Groundball, 4, EV 82.5 MPH)
|
| Top of the 6th over - 0 runs, 1 hit, 0 errors, 1 left on base; Boise 8 - Cincinnati (NYP) 5 |
| BOTTOM OF THE 6TH |
|
Cincinnati (NYP) Reds batting - Pitching for Boise Hawks : RHP Zach Sommer
|
|
Batting: RHB Tony Casas
|
0-0: Fly out, F8 (Flyball, 8LD, EV 94.4 MPH)
|
|
Batting: RHB Tim Walter
|
0-0: Ball 1-0: SINGLE (Flyball, 8RS, EV 88.1 MPH)
|
|
Batting: RHB John Galluzzo
|
0-0: Called Strike 0-1: SINGLE (Flyball, 8RS, EV 95.0 MPH) Tim Walter to second
|
|
Batting: RHB Pat McCoy
|
0-0: Swinging Strike 0-1: Called Strike 0-2: Foul Ball, location: 2F 0-2: Ball 1-2: Foul Ball, location: 2F 1-2: Ball 2-2: Strikes out looking
|
|
Batting: SHB Alex Morales
|
0-0: Foul Ball, location: 2F 0-1: Foul Ball, location: 2F 0-2: Fly out, F8 (Flyball, 8RM, EV 94.4 MPH)
|
| Bottom of the 6th over - 0 runs, 2 hits, 0 errors, 2 left on base; Boise 8 - Cincinnati (NYP) 5 |
| TOP OF THE 7TH |
|
Boise Hawks batting - Pitching for Cincinnati (NYP) Reds : RHP Brett Cooke
|
|
Batting: LHB Steve Gilliam
|
0-0: Ball 1-0: Foul Ball, location: 2F 1-1: Ball 2-1: Ball 3-1: SINGLE (Groundball, 6D, EV 105.6 MPH)
|
|
Batting: LHB Eddie Gonzalez
|
0-0: Ball Steve Gilliam steals 2nd, throwing error, E2 Steve Gilliam to third 1-0: Fly out, F6 (Popup, 6, EV 78.1 MPH)
|
|
Batting: LHB Chris Salim
|
0-0: Intentional Walk
|
|
Batting: RHB Tyler Stebbins
|
0-0: Ball 1-0: Ball 2-0: Swinging Strike 2-1: Ball 3-1: Called Strike 3-2: Strikes out swinging
|
|
Batting: LHB Jeremy Brammer
|
0-0: Called Strike 0-1: Swinging Strike 0-2: Ball 1-2: Ball 2-2: Foul Ball, location: 2F 2-2: Ball 3-2: Base on Balls Chris Salim to second
|
|
Pitching: LHP Jeff Wall
|
|
|
Batting: LHB Mike Clark
|
0-0: Ball 1-0: Called Strike 1-1: Foul Ball, location: 2F 1-2: Foul Ball, location: 2F 1-2: Fielders Choice at 2nd, 6-4 (Groundball, 6, EV 78.1 MPH)
|
| Top of the 7th over - 0 runs, 1 hit, 1 error, 3 left on base; Boise 8 - Cincinnati (NYP) 5 |
| BOTTOM OF THE 7TH |
|
Cincinnati (NYP) Reds batting - Pitching for Boise Hawks : RHP Zach Sommer
|
|
Pitching: RHP Vas Karamyshev
|
|
|
Batting: RHB Jonathan Robies
|
0-0: Ball 1-0: Ball 2-0: Ball 3-0: Called Strike 3-1: Base on Balls
|
|
Batting: RHB Eric Sullivan
|
0-0: Foul Ball, location: 2F 0-1: Called Strike 0-2: Strikes out swinging
|
|
Batting: SHB Jaivata Mohanty
|
0-0: Called Strike 0-1: Ball 1-1: Grounds out, U3 (Groundball, 3L, EV 79.4 MPH)
|
|
Batting: RHB Pat Mage
|
0-0: Ball 1-0: Foul Ball, location: 2F 1-1: Ball 2-1: Foul Ball, location: 2F 2-2: Ball 3-2: Foul Ball, location: 2F 3-2: Fly out, F4 (Popup, 4S, EV 78.1 MPH)
|
| Bottom of the 7th over - 0 runs, 0 hits, 0 errors, 1 left on base; Boise 8 - Cincinnati (NYP) 5 |
| TOP OF THE 8TH |
|
Boise Hawks batting - Pitching for Cincinnati (NYP) Reds : LHP Jeff Wall
|
|
Batting: LHB Eric Zacher
|
0-0: Swinging Strike 0-1: Ball 1-1: Ball 2-1: Foul Ball, location: 2F 2-2: Fly out, F8 (Flyball, 89D, EV 97.5 MPH)
|
|
Pitching: RHP Dave Baber
|
|
|
Batting: RHB Manny Thompson
|
0-0: Ground out 6-3 (Groundball, 6S, EV 86.9 MPH)
|
|
Batting: RHB Matt Cone
|
0-0: Reached on error, E4 (Groundball, 4, EV 88.8 MPH)
|
|
Batting: LHB Steve Gilliam
|
0-0: Called Strike Matt Cone steals 2nd base 0-1: Ground out 5-3 (Groundball, 56, EV 79.4 MPH)
|
| Top of the 8th over - 0 runs, 0 hits, 1 error, 1 left on base; Boise 8 - Cincinnati (NYP) 5 |
| BOTTOM OF THE 8TH |
|
Cincinnati (NYP) Reds batting - Pitching for Boise Hawks : RHP Vas Karamyshev
|
|
Pitching: RHP Mitch Guerrero
|
|
|
Batting: RHB Tony Casas
|
0-0: Foul Ball, location: 2F 0-1: Ball 1-1: Ball 2-1: Foul Ball, location: 2F 2-2: Foul Ball, location: 2F 2-2: Ball 3-2: Ground out 6-3 (Groundball, 6, EV 91.2 MPH)
|
|
Pinch Hitting: LHB Ray Walden
|
0-0: Ground out 5-3 (Groundball, 56S, EV 85.6 MPH)
|
|
Batting: RHB John Galluzzo
|
0-0: Reached on error, E4 (Groundball, 4MS, EV 77.5 MPH)
|
|
Batting: RHB Pat McCoy
|
0-0: SINGLE (Groundball, 13, EV 85.0 MPH) (infield hit) John Galluzzo to second
|
|
Batting: SHB Alex Morales
|
0-0: Called Strike 0-1: Ball 1-1: Ball 2-1: Ball 3-1: Ground out U3 (Groundball, 3S, EV 76.2 MPH)
|
| Bottom of the 8th over - 0 runs, 1 hit, 1 error, 2 left on base; Boise 8 - Cincinnati (NYP) 5 |
| TOP OF THE 9TH |
|
Boise Hawks batting - Pitching for Cincinnati (NYP) Reds : RHP Dave Baber
|
|
Now at 1B: Ray Walden
|
|
|
Now at 2B: Alex Morales
|
|
|
Now in LF: Eric Sullivan
|
|
|
Batting: LHB Eddie Gonzalez
|
0-0: Ball 1-0: Ball 2-0: Foul Ball, location: 2F 2-1: Called Strike 2-2: Ground out U3 (Groundball, 3S, EV 63.8 MPH)
|
|
Batting: LHB Chris Salim
|
0-0: Foul Ball, location: 2F 0-1: SINGLE (Groundball, 4MD, EV 97.5 MPH)
|
|
Batting: RHB Tyler Stebbins
|
0-0: Grounds into double play, 4-6-3 (Groundball, 4M, EV 87.5 MPH)
|
| Top of the 9th over - 0 runs, 1 hit, 0 errors, 0 left on base; Boise 8 - Cincinnati (NYP) 5 |
| BOTTOM OF THE 9TH |
|
Cincinnati (NYP) Reds batting - Pitching for Boise Hawks : RHP Mitch Guerrero
|
|
Pitching: RHP Jim Butler
|
|
|
Batting: RHB Jonathan Robies
|
0-0: Fly out, F8 (Flyball, 78M, EV 81.2 MPH)
|
|
Batting: RHB Eric Sullivan
|
0-0: Ball 1-0: Ball 2-0: Called Strike 2-1: Ball 3-1: Base on Balls
|
|
Batting: SHB Jaivata Mohanty
|
0-0: Ball 1-0: Called Strike 1-1: Foul Ball, location: 2F 1-2: Foul Ball, location: 2F 1-2: Strikes out swinging
|
|
Pinch Hitting: LHB Steven Wamble
|
0-0: Ground out 4-3 (Groundball, 4, EV 80.6 MPH)
|
| Bottom of the 9th over - 0 runs, 0 hits, 0 errors, 1 left on base; Boise 8 - Cincinnati (NYP) 5 |
|